 Dungeon Crawl Stone Soup version 0.16.1-11-g651b585 (webtiles) character file.

161785 Psiweapon the Champion of Chaos (level 17, -15/138 HPs)
             Began as a Hill Orc Fighter on Mar 28, 2015.
             Was the Champion of Makhleb.
             Demolished by a snapping turtle (shapeshifter) (22 damage)
             ... on level 3 of the Elven Halls on Apr 2, 2015.
             The game lasted 03:57:28 (38637 turns).

Psiweapon the Champion of Chaos (Hill Orc Fighter) Turns: 38637, Time: 03:57:29

Health: -15/138    AC: 14    Str: 37    XL:     17   Next: 79%
Magic:  35/36      EV: 14    Int:  9    God:    Makhleb [******]
Gold:   1671       SH: 12    Dex: 13    Spells: 0 memorised, 16 levels left

rFire  . . .     SeeInvis +     X - +8 broad axe (freeze)
rCold  + . .     Rnd*Rage +     M - +4 scale mail of Life {rC+ Str+4}
rNeg   + . .     SustAb   .     c - +0 shield
rPois  +         Gourm    .     t - +2 hat {SInv}
rElec  .         Spirit   .     (no cloak)
rCorr  .         Warding  +     H - +0 pair of gloves
rMut   .         Stasis   .     y - +0 pair of boots
MR     ++...                    E - macabre finger necklace {Ward rN+}
Stlth  +.........               R - ring "Foipn" {+Blink +Fly Stlth+}
                                F - +6 ring of strength
                                B - +3 ring of strength

@: starving, very resistant to hostile enchantments, very unstealthy
A: antennae 2, fangs 1, talons 1, berserk 1, breathe flames 1, deformed body,
frail 1, magic resistance 1, poison resistance, slow healing 1, strong 1, wild
magic 1
a: Minor Destruction, Lesser Servant of Makhleb, Major Destruction, Greater
Servant of Makhleb, Renounce Religion, Breathe Fire, Evoke Blink, Evoke Flight


You were on level 3 of the Elven Halls.
You worshipped Makhleb.
Makhleb was exalted by your worship.
You were starving.

You visited 8 branches of the dungeon, and saw 36 of its levels.
You visited 1 bazaar.
You also visited: Volcano.

You collected 3960 gold pieces.
You spent 2289 gold pieces at shops.

Inventory:

Hand weapons
 h - a +2 war axe of flaming
 S - a +0 blowgun
 X - a +8 broad axe of freezing (weapon)
Missiles
 l - 7 curare-tipped needles
Armour
 c - a +0 shield (worn)
 d - the +6 scale mail of Otrirerpha {rC+ MP+9 Int+7}
   (You found it on level 7 of the Dungeon)

   It affects your intelligence (+7).
   It protects you from cold.
   It affects your magic capacity (+9).
 t - a +2 hat of see invisible (worn)
 y - a +0 pair of boots (worn)
 H - a +0 pair of gloves (worn)
 M - the +4 scale mail of Life (worn) {rC+ Str+4}
   (You found it on level 2 of the Elven Halls)

   It affects your strength (+4).
   It protects you from cold.
Jewellery
 f - an uncursed amulet of clarity
 g - an uncursed ring of sustain abilities
 B - a +3 ring of strength (on amulet)
 E - the macabre finger necklace (around neck) {Ward rN+}
   (You bought it in a shop on level 4 of the Orcish Mines)

   [amulet of warding]

   It may prevent the melee attacks of summoned creatures.
   It protects you from negative energy.
 F - a +6 ring of strength (left hand)
 Q - an uncursed amulet of the gourmand
 R - the ring "Foipn" (right hand) {+Blink +Fly Stlth+}
   (You bought it in a shop on level 2 of the Orcish Mines)

   [ring of flight]

   It lets you fly.
   It lets you blink.
   It makes you more stealthy.
 Z - an uncursed ring of teleport control
Magical devices
 e - a wand of digging (8)
 o - a wand of cold (4)
 w - a wand of polymorph (8)
 C - a wand of fire (6)
 L - a wand of lightning (5)
 N - a wand of slowing (22)
 T - a wand of confusion (21)
 U - a wand of paralysis (6)
Scrolls
 i - 6 scrolls of fear
 j - 2 scrolls of magic mapping
 k - 7 scrolls of teleportation
 p - 8 scrolls of remove curse
 q - 2 scrolls of fog
 r - a scroll of blinking
 v - a scroll of enchant armour
 A - 7 scrolls of recharging
 D - 2 scrolls of immolation
 O - 10 scrolls of identify
Potions
 a - 2 potions of heal wounds
 b - 8 potions of might
 m - 3 potions of restore abilities
 n - 7 potions of curing
 s - 2 potions of brilliance
 x - 3 potions of haste
 z - 3 potions of lignification
 I - a potion of resistance
 P - 2 potions of magic
 V - 2 potions of invisibility
 W - a potion of ambrosia
 Y - 2 potions of agility
Miscellaneous
 G - a plain deck of summoning {the Elements}
Comestibles
 u - 12 bread rations
 J - 4 royal jellies
 K - 6 chunks of flesh


   Skills:
 + Level 14.8 Fighting
 - Level 18.1 Axes
 - Level 10.8 Armour
 - Level 10.0 Dodging
 - Level 5.4 Shields
 - Level 20.7 Invocations
 + Level 11.5 Evocations


You had 16 spell levels left.
You didn't know any spells.

Dungeon Overview and Level Annotations

Branches:
Dungeon (15/15)            Temple (1/1) D:4            Lair (8/8) D:9
  Swamp (3/5) Lair:5        Snake (1/5) Lair:3        Slime (0/6) Lair:6
    Orc (4/4) D:12            Elf (3/3) Orc:3        Vaults (0/5) D:13
 Depths (1/5) D:15

Altars:
Ashenzari
Dithmenos
Fedhas
Gozag
Kikubaaqudgha
Makhleb
Nemelex Xobeh
Qazlal
Ru
Sif Muna
Trog
Vehumet
Xom
Yredelemnul
The Shining One
Jiyva

Shops:
D:8 (   Orc:2 =[??   Orc:4 :}=!*

Portals:
Trove: D:12 (give +4 demon trident)

Annotations:
D:2 2 exclusions
D:4 1 exclusion
D:7 exclusion: upstairs
D:8 1 exclusion
Swamp:3 Mara
Snake:1 Azrael
Elf:2 5 runed doors


Innate Abilities, Weirdness & Mutations

You have a pair of antennae on your head.
You have very sharp teeth.
You have sharp toenails.
You tend to lose your temper in combat.
You can breathe flames.
Armour fits poorly on your strangely shaped body.
You are frail (-10% HP).
You are resistant to hostile enchantments.
Your system is resistant to poisons.
You heal slowly when monsters are visible.
Your muscles are strong. (Str +2)
Your spells are a little harder to cast, but a little more powerful.


Message History

Okay, then.
Use which ability? (? or * to list) You're too hungry.
Drink which item? (? for menu, Esc to quit)
You feel much better.
You block the large abomination's attack.
You block the deep elf blademaster's attack. x2
Your shield and scale mail of Life prevent you from hitting the deep elf blademaster.
The deep elf blademaster is lightly wounded.
You hit the large abomination but do no damage.
The large abomination is moderately damaged.
The deep elf blademaster hits you with a short sword!
* * * LOW HITPOINT WARNING * * *
You block the deep elf blademaster's attack.
You block the large abomination's attack.
The large abomination closely misses you.
The deep elf annihilator casts a spell.
The deep elf annihilator blinks!
The snapping turtle bites you from afar!!
You die...

#,#.#*,...***,,,,,,**,,*,,,,,,,
#...#*,...* *,,,,,,,**,+,,⌠,,,,
###.#**#.#* **,,,,,,,***,,,,,,,
#...# #.####**,,,,,,,***,,,,,,
#.#.####.##.# **,,,,,,,,,,e,,,,
#.#.##...##.###**,,,,,,,,,ee,,,
*#.#.#..)..#§§.##***,,,,,,.e,,,,
*#.#.)#...§..).X.###***,,,,.,,,**
#.*##......<.\.e@..###****.#****
.** ##......######t.(# *#.#*****
** #.#####.# #(.(####))#.##(# ,**
*#..###.## #..))..))X.)....
*,**#.##.#.#* #...#######....#
**,#.#*##..#######.### ****#*
*#.#* ##.).<.....# ##*
###########


You could see a deep elf blademaster, a snapping turtle and a large abomination.

Vanquished Creatures
  Rupert (Lair:6)
  Frances (Elf:1)
  An orc warlord (Orc:4)
  Gastronok (Lair:2)
  A very ugly thing (D:13)
  2 deep elf demonologists (Elf:3)
  3 deep elf annihilators
  Snorg (Lair:4)
  4 vault guards (D:13)
  Josephine (D:12)
  2 ogre magi
  2 deep elf high priests
  2 ice dragons (D:15)
  Fannar (Lair:2)
  12 hydras
  Harold (Lair:4)
  A catoblepas (Lair:5)
  4 alligators (Swamp:1)
  A centaur warrior (D:12)
  A dancing weapon (Elf:2)
  12 death yaks
  Urug (D:14)
  A sun demon (Orc:4)
  An orc high priest (Orc:4)
  A soul eater (Lair:8)
  A wizard (D:13)
  7 deep elf knights
  Erolcha (D:9)
  2 unseen horrors
  2 swamp dragons (Swamp:3)
  An obsidian statue (D:13)
  Pikel (D:9)
  7 deep elf summoners
  4 lindwurms (Lair:8)
  The ghost of Psiweapon the Cleaver, an experienced HOGl of Makhleb (D:6)
  5 orc sorcerers (Orc:4)
  A wolf spider (D:15)
  5 hill giants
  2 wolf spider zombies
  12 deep elf conjurers
  4 orc knights
  2 manticores
  9 ugly things (D:15)
  3 griffons
  A toenail golem (Volcano)
  An oklob plant (Orc:1)
  An octopode (shapeshifter) (D:15)
  2 guardian serpents (D:9)
  A cyclops (D:15)
  5 black mambas
  2 centaur zombies
  5 gargoyles
  11 elephants
  2 torpor snails (Lair:5)
  Psyche (Orc:4)
  15 spiny frogs
  A smoke demon (Elf:3)
  2 efreet
  A fire drake (Lair:8)
  13 komodo dragons
  A tengu conjurer (D:15)
  2 kobold demonologists
  8 deep elf priests
  A spriggan druid (Lair:8)
  A jumping spider (Elf:1)
  A wind drake (Swamp:2)
  A trapdoor spider zombie (D:12)
  10 polar bears (Lair:8)
  8 trolls
  4 blink frogs (Lair:7)
  7 giant leeches
  4 bog bodies
  10 slime creatures
  6 two-headed ogres (Orc:3)
  4 ravens
  3 basilisks
  2 wyverns
  4 shadows
  15 spriggans
  A trapdoor spider (D:10)
  7 redbacks
  15 deep elf magi
  15 vampire mosquitoes
  66 yaks
  A human (shapeshifter) (Elf:1)
  2 humans
  2 neqoxecs
  Grum (D:9)
  The ghost of Psiweapon the Chopper, an average HOGl (D:3)
  A fire elemental (Volcano)
  A hog (D:7)
  13 hippogriffs
  21 swamp worms
  3 mottled dragons
  4 wraiths (D:12)
  10 deep elf fighters
  10 porcupines
  4 nagas (Lair:3)
  21 water moccasins
  9 insubstantial wisps
  A soldier ant (D:11)
  45 wolves
  6 ice beasts
  2 swamp drakes (Swamp:1)
  2 wargs
  An eye of draining (D:10)
  5 sky beasts
  2 orc zombies (Orc:4)
  29 orc warriors
  4 boring beetles
  A necrophage (D:12)
  2 phantoms
  5 wasps
  4 black bears
  3 centaurs
  24 ogres
  18 crocodiles
  5 big kobolds
  2 gnoll sergeants
  16 giant frogs
  An earth elemental (Volcano)
  3 wyvern skeletons
  14 killer bees
  3 scorpions
  9 wights
  5 crimson imps
  A quasit (D:10)
  An electric eel (Lair:3)
  3 giant frog zombies
  9 jellies
  18 hounds
  5 centaur skeletons
  29 orc priests
  12 iguanas
  2 giant frog skeletons
  27 orc wizards
  10 hell rats
  12 sheep
  12 worker ants
  An ogre zombie (Orc:3)
  Terence (D:2)
  A mummy (D:11)
  Robin (D:4)
  29 adders
  15 gnolls
  33 river rats
  2 shadow imps
  An ufetubus (D:13)
  An adder skeleton (D:4)
  An adder zombie (D:9)
  5 giant geckos
  2 oozes (Lair:7)
  161 orcs
  7 bats
  A bat skeleton (D:5)
  A bat zombie (D:7)
  5 giant cockroaches
  26 goblins
  27 hobgoblins
  3 jackals
  39 kobolds
  16 quokkas
  A ball python (D:4)
  A giant gecko skeleton (D:5)
  2 giant spores
  A quokka zombie (D:5)
  16 rats
  10 spectral orcs (Lair:1)
  4 ballistomycetes (D:13)
  A bush (Lair:4)
  4 fungi
  16 plants
1281 creatures vanquished.

Vanquished Creatures (collateral kills)
  The ghost of billydstr the Warrior, a mighty MiBe of Trog (Elf:3)
  2 orc high priests (Orc:4)
  Nergalle (Lair:1)
  2 orc knights (Orc:4)
  Joseph (Lair:1)
  A hellwing (Orc:4)
  A redback (Elf:3)
  An orc warrior (Orc:4)
  5 orc wizards
  12 orcs (Orc:1)
  2 goblins (Orc:1)
  A spectral orc (Lair:1)
30 creatures vanquished.

Vanquished Creatures (others)
  An Executioner (Elf:3)
  A blizzard demon (Elf:3)
  An orange demon (Lair:1)
  A smoke demon (D:9)
  A ynoxinul (D:9)
  4 ufetubi (Lair:1)
  5 fungi
  4 plants
18 creatures vanquished.

Grand Total: 1329 creatures vanquished

Notes
Turn   | Place    | Note
--------------------------------------------------------------
     0 | D:1      | Psiweapon, the Hill Orc Fighter, began the quest for the Orb.
     0 | D:1      | Reached XP level 1. HP: 19/19 MP: 1/1
   193 | D:1      | Reached XP level 2. HP: 23/26 MP: 2/2
  1157 | D:3      | Reached skill level 4 in Shields
  1201 | D:2      | Reached XP level 3. HP: 31/31 MP: 3/3
  1257 | D:2      | Noticed Terence
  1278 | D:2      | Killed Terence
  1385 | D:3      | Noticed Psiweapon's ghost (average HOGl)
  1578 | D:4      | Found a staircase to the Ecumenical Temple.
  1596 | D:4      | Reached XP level 4. HP: 27/39 MP: 4/4
  1726 | Temple   | Entered the Ecumenical Temple
  1742 | Temple   | Became a worshipper of Makhleb the Destroyer
  1829 | D:5      | Entered Level 5 of the Dungeon
  1842 | D:5      | Reached skill level 5 in Axes
  1887 | D:4      | Noticed an ogre
  1896 | D:4      | Killed an ogre
  1896 | D:4      | Reached skill level 5 in Shields
  1896 | D:4      | Reached XP level 5. HP: 24/45 MP: 5/5
  2077 | D:4      | Noticed Robin
  2109 | D:4      | Killed Robin
  2210 | D:5      | Reached skill level 6 in Axes
  2210 | D:5      | Reached XP level 6. HP: 30/51 MP: 6/6
  2274 | D:5      | Found an ancient bone altar of Kikubaaqudgha.
  2492 | D:4      | Acquired Makhleb's first power
  2539 | D:3      | Noticed an ogre
  3210 | D:6      | Reached skill level 7 in Axes
  3322 | D:6      | Reached XP level 7. HP: 57/57 MP: 7/7
  3791 | D:4      | Acquired Makhleb's second power
  3791 | D:4      | Reached skill level 5 in Armour
  4146 | D:7      | Reached skill level 8 in Axes
  4371 | D:6      | Noticed Psiweapon's ghost (experienced HOGl)
  4649 | D:7      | Got a faintly humming scale mail
  4674 | D:7      | Identified the +6 scale mail of Otrirerpha {rC+ MP+9 Int+7} (You found it on level 7 of the Dungeon)
  4850 | D:7      | Reached XP level 8. HP: 55/67 MP: 8/8
  4882 | D:6      | Reached skill level 5 in Fighting
  4882 | D:6      | Reached skill level 9 in Axes
  4963 | D:7      | Reached skill level 1 in Invocations
  5238 | D:7      | Reached skill level 10 in Axes
  5254 | D:7      | Acquired Makhleb's third power
  5266 | D:7      | Reached skill level 5 in Invocations
  5385 | D:7      | Reached skill level 1 in Evocations
  5385 | D:7      | Reached XP level 9. HP: 42/74 MP: 17/17
  5703 | D:7      | Noticed a human
  5703 | D:7      | Noticed a yak
  5703 | D:7      | Noticed a yak
  5704 | D:7      | Noticed a hog
  5711 | D:7      | Killed a hog
  5711 | D:7      | Reached skill level 11 in Axes
  5725 | D:7      | Killed a yak
  5729 | D:7      | Killed a yak
  5734 | D:7      | Killed a human
  5941 | D:3      | Killed Psiweapon's ghost
  6048 | D:3      | Acquired Makhleb's fourth power
  6202 | D:3      | Reached skill level 5 in Evocations
  6356 | D:5      | Reached skill level 12 in Axes
  6623 | D:5      | Noticed a phantom
  6635 | D:5      | Killed a phantom
  6858 | D:6      | Killed Psiweapon's ghost
  6858 | D:6      | Reached XP level 10. HP: 39/81 MP: 18/18
  7302 | D:8      | Found a shattered altar of Ashenzari.
  7344 | D:8      | Found Stretwol's Weapon Boutique.
  7364 | D:8      | Found a sacrificial altar of Ru.
  7369 | D:8      | Found a stormy altar of Qazlal.
  7414 | D:8      | Reached skill level 13 in Axes
  7432 | D:8      | Acquired Makhleb's fifth power
  7775 | D:8      | Noticed a troll
  7778 | D:8      | Killed a troll
  8153 | D:9      | Noticed a guardian serpent
  8162 | D:9      | HP: 4/81 [poisoned by a guardian serpent (bolt of poison)]
  8502 | D:9      | Found a sparkling altar of Nemelex Xobeh.
  8587 | D:10     | Entered Level 10 of the Dungeon
  8627 | D:9      | Found a staircase to the Lair.
  8634 | Lair:1   | Entered Level 1 of the Lair of Beasts
  8722 | D:9      | Noticed a guardian serpent
  8729 | D:9      | Gained mutation: You are weak. (Str -2) [a neqoxec]
  8751 | D:9      | Killed a guardian serpent
  8755 | D:9      | Gained mutation: Your magical capacity is low (-10% MP). [mutagenic meat]
  8756 | D:9      | Gained mutation: You are clumsy. (Dex -2) [mutagenic meat]
  8757 | D:9      | Gained mutation: You tend to lose your temper in combat. [mutagenic meat]
  8758 | D:9      | Gained mutation: You occasionally shout uncontrollably at your foes. [mutagenic meat]
  8996 | D:9      | Noticed Grum
  9009 | D:9      | Reached skill level 14 in Axes
  9011 | D:9      | Killed Grum
  9029 | D:9      | Killed a guardian serpent
  9029 | D:9      | Reached skill level 5 in Dodging
  9499 | D:9      | Found an opulent altar of Gozag.
  9526 | D:9      | Noticed Erolcha
  9880 | Lair:2   | Reached XP level 11. HP: 79/89 MP: 18/18
 10066 | Lair:1   | Noticed Nergalle
 10067 | Lair:1   | Noticed a spectral orc warlord
 10096 | Lair:1   | Killed a spectral orc warlord
 10367 | D:10     | Got a translucent glass ring
 10369 | D:10     | Identified the ring of the First Nights {rC- MP+9 Str+6 Dex+3 Stlth+} (You found it on level 10 of the Dungeon)
 10544 | D:10     | Noticed a hill giant
 10552 | D:10     | Killed a hill giant
 11099 | D:11     | Noticed a soul eater
 11128 | D:11     | Noticed a hill giant
 11420 | D:11     | Killed a hill giant
 11942 | D:12     | Reached skill level 10 in Invocations
 12006 | D:12     | Found a staircase to the Orcish Mines.
 12022 | D:12     | Noticed an unseen horror
 12023 | D:12     | Killed an unseen horror
 12023 | D:12     | Reached skill level 10 in Fighting
 12222 | D:12     | Reached XP level 12. HP: 89/106 MP: 23/23
 12334 | D:12     | Noticed a hill giant
 12341 | D:12     | Killed a hill giant
 12390 | D:12     | Noticed Josephine
 12511 | D:12     | Killed Josephine
 13106 | D:12     | Noticed a centaur warrior
 13117 | D:12     | Killed a centaur warrior
 13129 | D:12     | Found a portal to a secret trove of treasure.
 13450 | D:9      | Noticed Pikel
 13454 | D:9      | Killed Erolcha
 13460 | D:9      | Killed Pikel
 13710 | D:9      | Found a radiant altar of Vehumet.
 13718 | D:9      | Found a deep blue altar of Sif Muna.
 14035 | Lair:1   | Killed Nergalle
 14040 | Lair:1   | Noticed Joseph
 14050 | Lair:1   | Killed Joseph
 14258 | Lair:1   | Noticed a black mamba
 14273 | Lair:1   | Killed a black mamba
 14343 | Lair:1   | Noticed a four-headed hydra
 14648 | Lair:1   | Reached XP level 13. HP: 98/113 MP: 26/26
 14659 | Lair:1   | Reached skill level 10 in Armour
 14815 | Lair:1   | Killed a three-headed hydra
 15249 | Lair:2   | Noticed Gastronok
 15257 | Lair:2   | Killed Gastronok
 15567 | Lair:2   | Noticed Fannar
 15570 | Lair:2   | Killed Fannar
 16499 | Lair:3   | Reached skill level 15 in Invocations
 16717 | Lair:3   | Found a staircase to the Snake Pit.
 17820 | Lair:4   | Noticed Harold
 17827 | Lair:4   | Killed Harold
 18419 | Lair:4   | Noticed Snorg
 18425 | Lair:4   | Killed Snorg
 18425 | Lair:4   | Reached skill level 16 in Invocations
 18645 | Lair:5   | Reached XP level 14. HP: 114/121 MP: 28/28
 18900 | Lair:5   | Got a warped falchion
 18901 | Lair:5   | Identified the +6 falchion of the Rat {venom, MP+9 Int-4 Stlth+} (You found it on level 5 of the Lair of Beasts)
 19173 | Lair:5   | Reached skill level 17 in Invocations
 19194 | Lair:5   | Found a staircase to the Swamp.
 20081 | Lair:6   | Got a jewelled battleaxe
 20120 | Lair:6   | Gained mutation: You can breathe flames. [potion of mutation]
 20120 | Lair:6   | Gained mutation: You are very weak. (Str -4) [potion of mutation]
 20120 | Lair:6   | Gained mutation: Armour fits poorly on your strangely shaped body. [potion of mutation]
 20121 | Lair:6   | Lost mutation: You tend to lose your temper in combat. [potion of cure mutation]
 20121 | Lair:6   | Lost mutation: You are clumsy. (Dex -2) [potion of cure mutation]
 20121 | Lair:6   | Lost mutation: You are very weak. (Str -4) [potion of cure mutation]
 20121 | Lair:6   | Lost mutation: You occasionally shout uncontrollably at your foes. [potion of cure mutation]
 20121 | Lair:6   | Lost mutation: You are weak. (Str -2) [potion of cure mutation]
 20121 | Lair:6   | Lost mutation: Your magical capacity is low (-10% MP). [potion of cure mutation]
 20230 | Lair:6   | Noticed Rupert
 20237 | Lair:6   | Killed Rupert
 20432 | Lair:1   | Identified the +8 battleaxe "Qefuf" {elec, rF- rN+ MR+ MP+9} (You found it on level 6 of the Lair of Beasts)
 20574 | Lair:6   | Found a viscous altar of Jiyva.
 20575 | Lair:6   | Found a staircase to the Slime Pits.
 21051 | Lair:7   | Found a staircase to the Slime Pits.
 22021 | Lair:8   | Entered Level 8 of the Lair of Beasts
 22322 | Lair:8   | Reached skill level 18 in Invocations
 22556 | Lair:8   | Reached XP level 15. HP: 126/126 MP: 34/34
 22574 | Lair:8   | Reached skill level 10 in Dodging
 22815 | Lair:8   | Reached skill level 19 in Invocations
 24599 | D:10     | Noticed a hill giant
 24603 | D:10     | Killed a hill giant
 24694 | Orc:1    | Entered Level 1 of the Orcish Mines
 24744 | Orc:1    | Found a glowing golden altar of the Shining One.
 25925 | Orc:3    | Found a staircase to the Elven Halls.
 26380 | Orc:2    | Found Nimmio Broch's Jewellery Shop.
 26380 | Orc:2    | Found Afut Uly's Armour Shop.
 26389 | Orc:2    | Bought the ring "Foipn" {+Blink +Fly Stlth+} for 514 gold pieces
 26426 | Orc:2    | You fall through a shaft for 2 floors!
 26426 | Orc:4    | Entered Level 4 of the Orcish Mines
 26449 | Orc:4    | Found a dark tunnel.
 26455 | Volcano  | Entered a volcano
 26466 | Volcano  | Reached skill level 10 in Evocations
 26592 | Orc:4    | Found Stucvyss' Book Emporium.
 26646 | Orc:4    | Reached skill level 20 in Invocations
 26684 | Orc:4    | Reached XP level 16. HP: 47/134 MP: 35/35
 26969 | Orc:4    | Found Uziados' Gadget Shop.
 26976 | Orc:4    | Found Paaxed's Distillery.
 26979 | Orc:4    | Found Tryipsism's Assorted Antiques.
 26980 | Orc:4    | Bought a potion of curing for 48 gold pieces
 26980 | Orc:4    | Bought a potion of heal wounds for 80 gold pieces
 26981 | Orc:4    | Found Cijilama's Jewellery Shop.
 26988 | Orc:4    | Bought 2 scrolls of magic mapping for 119 gold pieces
 26988 | Orc:4    | Bought a disc of storms for 340 gold pieces
 27000 | Orc:4    | Bought the macabre finger necklace {Ward rN+} for 330 gold pieces
 27094 | Orc:4    | Bought a bronze wand for 68 gold pieces
 27521 | Orc:4    | Noticed Psyche
 27525 | Orc:4    | Killed Psyche
 27817 | Orc:2    | Found Skaur's Magic Scroll Shop.
 27823 | Orc:2    | Found Aqa Maro's Magic Scroll Shop.
 27827 | Orc:2    | Bought a scroll of teleportation for 39 gold pieces
 27827 | Orc:2    | Bought a scroll of identify for 26 gold pieces
 27827 | Orc:2    | Bought a scroll of enchant weapon for 97 gold pieces
 27827 | Orc:2    | Bought a scroll of blinking for 97 gold pieces
 27850 | Orc:2    | Bought a scroll of enchant weapon for 97 gold pieces
 27850 | Orc:2    | Bought a scroll of identify for 26 gold pieces
 27850 | Orc:2    | Bought a scroll of teleportation for 39 gold pieces
 27850 | Orc:2    | Bought a scroll of identify for 26 gold pieces
 27890 | Orc:2    | Bought a scroll of enchant armour for 97 gold pieces
 28593 | Swamp:1  | Entered Level 1 of the Swamp
 29750 | Swamp:2  | Reached skill level 15 in Axes
 29974 | Swamp:2  | Noticed Nessos
 29977 | Swamp:2  | Noticed Nessos
 29977 | Swamp:2  | Nessos changed into Nessos the wind drake
 30146 | Swamp:2  | Killed Nessos the wind drake
 31084 | Swamp:3  | Upgraded the game from 0.16.1-5-gaa23807 to 0.16.1-11-g651b585
 31617 | Swamp:3  | Noticed Mara
 31627 | Swamp:3  | Noticed a thorn hunter
 31633 | Swamp:3  | Noticed Psiweapon's illusion
 32221 | Snake:1  | Entered Level 1 of the Snake Pit
 32221 | Snake:1  | Noticed Azrael
 32535 | D:13     | Noticed a vault guard
 32543 | D:13     | Killed a vault guard
 32643 | D:13     | Noticed a white very ugly thing
 32656 | D:13     | Killed a white very ugly thing
 32751 | D:13     | Gained mutation: Your muscles are strong. (Str +2) [mutagenic meat]
 32752 | D:13     | Gained mutation: You have sharp toenails. [mutagenic meat]
 32753 | D:13     | Gained mutation: You have a pair of small antennae on your head. [mutagenic meat]
 32817 | D:13     | Found a blossoming altar of Fedhas.
 33061 | D:13     | Noticed a vault guard
 33062 | D:13     | Killed a vault guard
 33102 | D:13     | Noticed an ogre mage
 33109 | D:13     | Killed an ogre mage
 33126 | D:13     | Noticed a vault guard
 33127 | D:13     | Noticed a vault guard
 33131 | D:13     | Killed a vault guard
 33139 | D:13     | Killed a vault guard
 33161 | D:13     | Found a gate to the Vaults.
 33395 | D:14     | Found a flickering gateway to a bazaar.
 33405 | Bazaar   | Entered a bazaar
 33405 | Bazaar   | Found Potwio's Antique Weapon Shop.
 33412 | Bazaar   | Found Priamol's Gadget Emporium.
 33417 | Bazaar   | Found Throhoguci's Jewellery Emporium.
 33445 | Bazaar   | Found Ebrus' Gadget Shop.
 33455 | Bazaar   | Found Dynwo's Food Shop.
 33525 | Bazaar   | Bought a bloodstained hand crossbow for 246 gold pieces
 33525 | Bazaar   | Identified the +3 hand crossbow of Supply {penet, rC+ rN+ Dex-3} (You bought it in a shop in a bazaar)
 33605 | D:14     | Noticed Urug
 33609 | D:14     | Killed Urug
 34038 | D:14     | Gained mutation: You are frail (-10% HP). [mutagenic meat]
 34391 | D:15     | Entered Level 15 of the Dungeon
 34483 | D:15     | Reached XP level 17. HP: 127/133 MP: 36/36
 35037 | D:15     | Gained mutation: You have very sharp teeth. [mutagenic meat]
 35038 | D:15     | Gained mutation: You have a pair of antennae on your head. [mutagenic meat]
 35115 | D:15     | Gained mutation: You tend to lose your temper in combat. [mutagenic meat]
 35116 | D:15     | Gained mutation: You possess an exceptional clarity of mind. [mutagenic meat]
 35118 | D:15     | Gained mutation: You heal slowly when monsters are visible. [mutagenic meat]
 35119 | D:15     | Lost mutation: You possess an exceptional clarity of mind. [mutagenic meat]
 35124 | D:15     | Gained mutation: Your system is resistant to poisons. [mutagenic meat]
 35125 | D:15     | Gained mutation: You are resistant to hostile enchantments. [mutagenic meat]
 35126 | D:15     | Gained mutation: Your spells are a little harder to cast, but a little more powerful. [mutagenic meat]
 35671 | D:15     | Found a staircase to the Depths.
 35697 | Depths:1 | Entered Level 1 of the Depths
 36078 | Elf:1    | Entered Level 1 of the Elven Halls
 36177 | Elf:1    | Identified the Almanac of Arcane Weapons
 36624 | Elf:1    | Noticed Frances
 36634 | Elf:1    | Killed Frances
 37973 | Elf:2    | Found a huge runed gate.
 37974 | Elf:2    | Found a huge runed gate.
 37974 | Elf:2    | Found a huge runed gate.
 37975 | Elf:2    | Found a huge runed gate.
 37975 | Elf:2    | Found a huge runed gate.
 38043 | Elf:2    | Got a distressingly furry scale mail
 38045 | Elf:2    | Identified the +4 scale mail of Life {rC+ Str+4} (You found it on level 2 of the Elven Halls)
 38307 | Elf:3    | Entered Level 3 of the Elven Halls
 38600 | Elf:3    | Noticed billydstr's ghost (mighty MiBe)
 38607 | Elf:3    | Noticed a deep elf blademaster
 38614 | Elf:3    | Killed billydstr's ghost
 38633 | Elf:3    | HP: 6/138 [deep elf annihilator/bolt of lightning (35)]
 38637 | Elf:3    | Demolished by a snapping turtle (shapeshifter)

Action                   |  1- 3 |  4- 6 |  7- 9 | 10-12 | 13-15 | 16-18 || total
-------------------------+-------+-------+-------+-------+-------+-------++-------
Melee: War axe           |    97 |   143 |   380 |   697 |   141 |     7 ||  1465
       Broad axe         |       |       |       |       |   622 |   585 ||  1207
 Fire: Hunting sling     |       |     3 |       |       |       |       ||     3
       Blowgun           |       |       |       |       |       |     1 ||     1
Throw: Throwing net      |     1 |     3 |       |       |       |       ||     4
       Stone             |       |     1 |     1 |       |       |       ||     2
       Tomahawk          |       |       |       |       |       |     1 ||     1
Invok: Minor Destruction |       |       |    24 |    42 |   198 |   145 ||   409
       Major Destruction |       |       |     5 |    74 |   197 |   179 ||   455
       Lesser Servant of |       |       |       |     5 |     3 |       ||     8
       Greater Servant o |       |       |       |       |     2 |     2 ||     4
 Abil: Breathe Fire      |       |       |       |       |    18 |     4 ||    22
       Evoke Teleport Co |       |       |       |       |     1 |       ||     1
       Evoke Flight      |       |       |       |       |       |     2 ||     2
       Evoke Blink       |       |       |       |       |       |     6 ||     6
Evoke: Wand              |       |     3 |    13 |    11 |     1 |     7 ||    35
  Use: Scroll            |     5 |     6 |     5 |     7 |    24 |    14 ||    61
       Potion            |     1 |     1 |     4 |     8 |     4 |     2 ||    20
 Stab: Confused          |       |       |     7 |     1 |       |       ||     8
       Distracted        |       |       |     1 |     3 |     2 |     2 ||     8
       Sleeping          |       |       |       |     3 |     1 |       ||     4
  Eat: Chunk             |     2 |     6 |    13 |    47 |    75 |    64 ||   207
       Fruit             |       |       |       |     4 |       |       ||     4
       Beef jerky        |       |       |       |     1 |       |     5 ||     6
       Pizza             |       |       |       |       |     1 |     1 ||     2
       Meat ration       |       |       |       |       |       |     2 ||     2
